 Dungeon Crawl Stone Soup version 0.29-a0-468-ge57f7f99b4 (webtiles) character file.

Game seed: 772040775365646854

64 avis the Chopper (level 4, -1/39 HPs)
             Began as a Hill Orc Monk on May 22, 2022.
             Slain by Sigmund
             ... wielding a +0 scythe
              (8 damage)
             ... on level 4 of the Dungeon.
             The game lasted 00:04:54 (1356 turns).

avis the Chopper (Hill Orc Monk)                    Turns: 1356, Time: 00:04:55

Health: -1/39      AC:  6    Str: 15    XL:     4   Next: 12%
Magic:  4/4        EV: 11    Int: 10    God:
Gold:   76         SH:  0    Dex: 13    Spells: 3/3 levels left

rFire   . . .      SeeInvis .   a - +0 hand axe (venom)
rCold   . . .      Faith    .   (no shield)
rNeg    . . .      Spirit   .   m - +0 ring mail
rPois   .          Reflect  .   i - +0 helmet
rElec   .          Harm     .   (no cloak)
rCorr   .          Rampage  .   (no gloves)
Will    .....                   (no boots)
Stlth   ..........              (no amulet)
HPRegen 0.13/turn               (no ring)
MPRegen 0.09/turn               (no ring)

@: confused
A: no striking features
a: no special abilities


You were on level 4 of the Dungeon.
You visited 1 branch of the dungeon, and saw 3 of its levels.

You collected 76 gold pieces.

Inventory:

Hand Weapons
 a - a +0 hand axe of venom (weapon)
Missiles
 e - 6 stones
 j - 6 poisoned darts (quivered)
Armour
 b - a +0 robe
 i - a +0 helmet (worn)
 m - a +0 ring mail (worn)
Magical Staves
 k - a staff of poison
Scrolls
 f - a scroll of amnesia
 h - 4 scrolls of immolation
 l - a scroll of brand weapon
Potions
 c - a potion of ambrosia
 d - a potion of brilliance {unknown}
 g - a potion of degeneration {unknown}


   Skills:
 - Level 3.6 Fighting
 * Level 6.4 Axes
 - Level 2.4 Dodging
 - Level 1.5 Stealth


You had 3 spell levels left.
You didn't know any spells.
Your spell library contained the following spells:

 Spells                   Type           Power      Damage    Failure   Level
 Tukima's Dance           Hex            0%         N/A       92%         3
 Passage of Golubria      Tloc           0%         N/A       100%        4
 Yara's Violent Unravell  Hex/Tmut       0%         3d3       100%        5


Dungeon Overview and Level Annotations

Branches:
Dungeon (2/15)

Altars:

Annotations:
D:4 Sigmund


Message History

Sigmund casts a spell at you. You resist with some effort.
Sigmund's eyes start glowing with a red light.
Sigmund gestures at you while chanting. The magic dart hits you.
There is an open door here.
Things that are here:
a +0 dagger; a kobold corpse An iguana comes into view.
You hear the hiss of a very distant avalanche of sand.
The iguana hisses angrily.
You hit the kobold but do no damage.
The kobold is poisoned.
You hit the kobold.
You kill the kobold!
You hit the iguana.
The iguana is poisoned.
The iguana is lightly wounded.
The iguana bites you. The iguana barely misses you. Sigmund misses you.
Things that are here:
a +0 dagger; a kobold corpse You hit Sigmund.
Sigmund is moderately wounded.
You closely miss the iguana. The iguana closely misses you.
Sigmund casts a spell at you.
You are confused.
You miss Sigmund.
Sigmund is moderately wounded.
You hit the iguana but do no damage.
The iguana looks as sick as possible!
The iguana bites you! Sigmund hits you with a +0 scythe.
The iguana barely misses you.
You slash Sigmund!
Sigmund is heavily wounded.
You hit the iguana but do no damage.
The iguana looks as sick as possible!
The iguana closely misses you. Sigmund hits you with a +0 scythe.
You hit the iguana but do no damage.
The iguana is heavily wounded.
You completely miss Sigmund. The iguana bites you!
* * * LOW HITPOINT WARNING * * *
Sigmund hits you with a +0 scythe!
You die...

..........#
#....#..####### ###
#.........# #..
#...#####.# ###
#@.>....#.########
#.#.....#........#
#.#.....#........#
#K#.....#........#
#.#.@...#........#
#.#@)l..#...†....#
######'#.#.#.#.#.######
#......).#.#.#.#.#########
#........#.#.#.#..........
#........#.#†#.###########
#........#................
######'#.###.#.###########
#.#.# #.#.# ......


You could see Sigmund and an iguana (extremely poisoned).

Vanquished Creatures
  A hound (D:4)
  An adder (D:4)
  2 dart slugs
  4 endoplasms
  2 giant cockroaches (D:1)
  A hobgoblin (D:4)
  3 jackals (D:1)
  A frilled lizard (D:1)
  7 kobolds
  2 rats (D:1)
24 creatures vanquished.

Vanquished Creatures (others)
  3 fungi (D:1)
  21 plants
24 creatures vanquished.

Grand Total: 48 creatures vanquished

Notes
Turn   | Place    | Note
-------+----------+-------------------------------------------
     0 | D:1      | avis the Hill Orc Monk began the quest for the Orb.
     0 | D:1      | Reached XP level 1. HP: 19/19 MP: 1/1
   200 | D:1      | Reached XP level 2. HP: 20/26 MP: 2/2
   492 | D:1      | Reached skill level 5 in Axes
   842 | D:1      | Found a faded altar of an unknown god.
  1039 | D:2      | You fall into a shaft and drop 2 floors!
  1172 | D:4      | Reached XP level 3. HP: 29/31 MP: 3/3
  1222 | D:4      | Reached skill level 6 in Axes
  1226 | D:4      | Reached XP level 4. HP: 36/39 MP: 4/4
  1327 | D:4      | Noticed Sigmund
  1356 | D:4      | Slain by Sigmund

Illustrated notes

Levels and vault maps discovered:
D:1:      nzn_arrival_water_spiral, layout_basic,
          dreamdust_ecumenical_altar_hidden_monk_grotto, hex_tiny
D:2:      wander_river, layout_basic, serial_shops, shop, minmay_heptomino_d4
D:4:      layout_basic, mainiacjoe_overflow_cross_hatched,
          ebering_ghost_rock_garden, nicolae_ossuary_entry_false_entrances,
          kennysheep_orc_chapel, uniq_sigmund, uniq_edmund

Skill      XL: |  1  2  3 |
---------------+----------+-----
Axes           | 5 6 |  6.4
Fighting       | |  3.6
Dodging        | |  2.4
Stealth        | |  1.5

Action                   |  1- 3 |  4- 6 || total
-------------------------+-------+-------++-------
Melee: Hand axe          |    66 |    10 ||    76
  Use: Scroll            |     5 |       ||     5
 Stab: Sleeping          |     2 |       ||     2
Armor: Robe              |    10 |       ||    10
       Ring mail         |     3 |       ||     3
Dodge: Dodged            |    29 |     7 ||    36

Table legend: (Time is in decaauts)
 A = Elapsed time spent in this place.
 B = Non-inter-level travel time spent in this place.
 C = Inter-level travel time spent in this place.
 D = Time resting spent in this place.
 E = Time spent auto-exploring this place.
 F = Levels seen in this place.
 G = Mean time per level.
                   A        B        C        D        E       F      G
               +--------+--------+--------+--------+--------+-----+--------+
         Total |   1358 |   1310 |     48 |    278 |    638 |   3 |  452.7 |
       Dungeon |   1358 |   1310 |     48 |    278 |    638 |   3 |  452.7 |
               +--------+--------+--------+--------+--------+-----+--------+

Top non-repeatable levels by time:
     D:1: 1042 daAuts
     D:4: 316 daAuts
